 Dungeon Crawl Stone Soup version 0.21.1-35-gfefc1aa2bb (webtiles) character file.

374 IceCat the Conjurer (level 6, -1/32 HPs)
             Began as a Deep Elf Conjurer on Aug 1, 2018.
             Killed from afar by an orc wizard (10 damage)
             ... with a magic dart
             ... on level 4 of the Dungeon.
             The game lasted 00:22:12 (4425 turns).

IceCat the Conjurer (Deep Elf Conjurer)             Turns: 4425, Time: 00:22:12

Health: -1/32      AC:  3    Str:  5    XL:     6   Next: 43%
Magic:  0/15       EV: 13    Int: 22    God:
Gold:   210        SH:  3    Dex: 15    Spells: 10/14 levels left

rFire    + + .     SeeInvis +   x - +0 dagger
rCold    . . .     Gourm    .   A - +0 buckler (curse)
rNeg     . . .     Faith    .   a - +0 robe
rPois    .         Spirit   +   C - +0 helmet
rElec    .         Reflect  .   e - scarf {rC+ rF+}
rCorr    .         Harm     .   (no gloves)
MR       .....                  (no boots)
Stlth    ++........             y - amulet of guardian spirit
HPRegen  0.10/turn              g - ring of see invisible
MPRegen  0.14/turn              F - ring of fire

@: no status effects
A: no striking features
a: no special abilities


You were on level 4 of the Dungeon.
You were near starving.

You visited 2 branches of the dungeon, and saw 5 of its levels.

You collected 210 gold pieces.

Inventory:

Hand Weapons
 x - a +0 dagger (weapon)
Armour
 a - a +0 robe (worn)
 e - a scarf of resistance (worn)
 v - a +0 hat
 A - a cursed +0 buckler (worn)
 C - a +0 helmet (worn)
Jewellery
 g - a ring of see invisible (left hand)
 y - an amulet of guardian spirit (around neck)
 F - a ring of fire (right hand)
Wands
 p - a wand of polymorph (12)
 w - a wand of flame (13)
 D - a wand of scattershot (3)
 G - a wand of enslavement (8)
 H - a wand of random effects (27)
Scrolls
 d - 9 scrolls of identify {unknown}
 h - 3 scrolls of magic mapping {unknown}
 l - 2 scrolls of fog {unknown}
 m - a scroll of random uselessness {unknown}
 q - 2 scrolls of teleportation {unknown}
 r - 2 scrolls of remove curse {unknown}
 s - a scroll of amnesia {unknown}
 t - a scroll of enchant armour {unknown}
Potions
 f - 2 potions of brilliance {unknown}
 i - 3 potions of heal wounds {unknown}
 j - 2 potions of lignification {unknown}
 k - a potion of degeneration {unknown}
 n - 2 potions of curing {unknown}
 o - a potion of berserk rage {unknown}
 u - 2 potions of flight {unknown}
 z - a potion of might {unknown}
 B - a potion of resistance {unknown}
 E - a potion of magic {unknown}
Books
 b - a book of Conjurations

   Spells                             Type                      Level
   a - Magic Dart                     Conjuration                  1
   b - Searing Ray                    Conjuration                  2
   c - Dazzling Spray                 Conjuration/Hexes            3
   d - Fulminant Prism                Conjuration/Hexes            4
   e - Force Lance                    Conjuration/Translocation    4
   f - Iskenderun's Mystic Blast      Conjuration                  4
Comestibles
 c - 9 rations


   Skills:
 + Level 0.4 Short Blades
 + Level 3.1 Dodging
 + Level 3.0 Stealth
 + Level 4.9 Spellcasting
 * Level 7.2 Conjurations
 * Level 1.8 Hexes


You had 10 spell levels left.
You knew the following spells:

 Your Spells              Type           Power        Failure   Level  Hunger
a - Magic Dart            Conj           ####         1%          1    None
b - Dazzling Spray        Conj/Hex       ####..       8%          3    ##.....


Dungeon Overview and Level Annotations

Branches:
Dungeon (4/15)             Temple (1/1) D:4

Altars:
Ashenzari
Cheibriados
Dithmenos
Fedhas
Gozag
Makhleb
Ru
Trog
Uskayaw
Xom
The Shining One


Message History

Evoke which item? (* to show all) (? for menu, Esc to quit)
Aiming: Throw Flame
Press: ? - help, Shift-Dir - straight line, f/p - orc wizard
Aim: an orc wizard, wielding a dagger and wearing a robe The puff of flame hits the orc wizard.
The orc wizard is heavily wounded.
The orc wizard casts a spell at you. The magic dart hits you!
* * * LOW HITPOINT WARNING * * *
Your iguana bites the orc wizard.
Casting: Magic Dart
Confirm with . or Enter, or press ? or * to list all spells.
Aiming: Magic Dart
Press: ? - help, Shift-Dir - straight line, f/p - orc wizard
Aim: an orc wizard, wielding a dagger and wearing a robe (heavily wounded)
The magic dart hits the orc wizard.
The orc wizard is heavily wounded.
The orc wizard gestures at you while chanting.
The magic dart hits you!
You die...

........................#####
.##.....##..##..###.##..##..##
.##.....##..#######.##..##...#
.##......#..#.....#......#...#
###......#..# ....#......#...#
.##..).###..# #)o####...##..#####
.##....########l)####...##..##..#
.+..................#............
.#..............@...#...........>
..#..#..#...###+#####...##.......
############# ######.......
#..#...# ########


You could see an orc wizard and a friendly iguana.

Vanquished Creatures
  An orc wizard (D:3)
  2 orc priests (D:3)
  A centaur skeleton (D:4)
  15 adders
  3 worms
  3 dart slugs
  2 leopard geckos
  3 orcs
  3 ball pythons
  10 bats
  6 giant cockroaches
  7 goblins
  12 hobgoblins
  3 jackals (D:1)
  8 kobolds
  A quokka (D:3)
  3 frilled lizards (D:1)
  5 rats
88 creatures vanquished.

Vanquished Creatures (collateral kills)
  Ijyb (D:4)
  An orc (D:4)
2 creatures vanquished.

Grand Total: 90 creatures vanquished

Notes
Turn   | Place    | Note
-------+----------+-------------------------------------------
     0 | D:1      | IceCat the Deep Elf Conjurer began the quest for the Orb.
     0 | D:1      | Reached XP level 1. HP: 10/10 MP: 6/6
   377 | D:1      | Reached XP level 2. HP: 15/15 MP: 5/8
   517 | D:1      | Reached skill level 5 in Conjurations
   873 | D:1      | Reached XP level 3. HP: 19/19 MP: 6/9
  1553 | D:2      | Reached XP level 4. HP: 24/24 MP: 5/11
  1887 | D:2      | Reached skill level 6 in Conjurations
  2176 | D:2      | Reached XP level 5. HP: 23/28 MP: 8/13
  2402 | D:2      | Found a snail-covered altar of Cheibriados.
  2495 | D:3      | Learned a level 3 spell: Dazzling Spray
  3656 | D:3      | Reached skill level 7 in Conjurations
  3700 | D:3      | Reached skill level 1 in Hexes
  3700 | D:3      | Reached XP level 6. HP: 20/32 MP: 8/15
  3773 | D:4      | Found a staircase to the Ecumenical Temple.
  3787 | Temple   | Entered the Ecumenical Temple
  4376 | D:4      | Noticed Ijyb
  4398 | D:4      | Killed Ijyb
  4425 | D:4      | Killed from afar by an orc wizard

Skill      XL: |  1  2  3  4  5  6 |
---------------+-------------------+-----
Conjurations   | 5 6 7 |  7.2
Dodging        | 3 |  3.1
Spellcasting   | 4 |  4.9
Hexes          | 1 |  1.8
Stealth        | 3 |  3.0
Short Blades   | |  0.4

Action                   |  1- 3 |  4- 6 || total
-------------------------+-------+-------++-------
Melee: Unarmed           |    19 |     9 ||    28
       Dagger            |       |    12 ||    12
 Cast: Magic Dart        |    68 |   127 ||   195
       Dazzling Spray    |       |     9 ||     9
Evoke: Wand              |       |    12 ||    12
  Eat: Chunk             |     2 |     7 ||     9
Armor: Robe              |     3 |    16 ||    19
Dodge: Dodged            |    24 |    47 ||    71
Block: Buckler           |       |     3 ||     3
